 Dungeon Crawl Stone Soup version 0.31-a0-431-g88bdf31460 (webtiles) character file.

Game seed: 15174131038755099692

1 drugrobin the Sneak (level 1, 0/18 HPs)
             Began as a Demigod Delver on July 31, 2023.
             Succumbed to an adder's poison
             ... on level 4 of the Dungeon.
             The game lasted 00:01:00 (131 turns).

drugrobin the Sneak (Demigod Delver)                 Turns: 131, Time: 00:01:01

Health: 0/18       AC:  3    Str: 13    XL:     1   Next: 13%
Magic:  3/3        EV: 11    Int: 12    God:
Gold:   35         SH:  0    Dex: 15    Spells: 0/0 levels left

rFire   . . .        a - +0 hand axe
rCold   . . .        (no shield)
rNeg    . . .        b - +0 leather armour
rPois   .            (no helmet)
rElec   .            (no cloak)
rCorr   .            (no gloves)
SInv    .            (no boots)
Will    .....        (no amulet)
Stlth   +++          (no ring)
HPRegen 0.23/turn    (no ring)
MPRegen 0.08/turn

%: no passive effects
@: lethally poisoned (0 -> -1), hasted, very quick
A: high MP 1, forlorn, divine attributes
a: no special abilities


You were on level 4 of the Dungeon.
You visited 1 branch of the dungeon, and saw 2 of its levels.

You collected 35 gold pieces.

Inventory:

Hand Weapons
 a - a +0 hand axe (weapon)
Armour
 b - a +0 leather armour (worn)
Wands
 g - a wand of digging (2)
Scrolls
 c - a scroll of fog
 e - a scroll of fear
Potions
 h - 2 potions of heal wounds {unknown}


   Skills:
 - Level 2.6 Fighting
 + Level 1.9 Axes
 - Level 1.7 Dodging
 - Level 4.5 Stealth


You couldn't memorise any spells.
You didn't know any spells.
Your spell library was empty.

Dungeon Overview and Level Annotations

Branches:
Dungeon (5/15)
 Temple: D:4-7

Portals:
Ossuary: D:4

Annotations:
D:4 Blork the orc


Innate Abilities, Weirdness & Mutations

You have an increased reservoir of magic. (+10% MP)
You shall have no god before yourself.
Your divine heritage dramatically boosts your attributes as you level up.


Message History

Found a sand-covered staircase.
The hobgoblin closely misses you.
You barely miss the hobgoblin. The hobgoblin hits you.
Unknown command.
You hit the hobgoblin.
The hobgoblin is lightly wounded.
The hobgoblin hits you but does no damage.
You hit the hobgoblin.
You kill the hobgoblin!
You hit the adder. The adder barely misses you.
Unknown command.
You closely miss the adder.
The adder is heavily wounded.
The adder bites you.
You are poisoned.
The adder poisons you!
You hit the adder.
The adder is severely wounded.
You feel sick. The adder barely misses you.
Unknown command.
You barely miss the adder.
The adder is severely wounded.
You feel sick. The adder bites you but does no damage.
Unknown command.
Unknown command.
Unknown command.
You closely miss the adder.
The adder is severely wounded.
You feel sick. The adder barely misses you.
Unknown command.
Unknown command.
You barely miss the adder.
The adder is severely wounded.
You hit the endoplasm.
You feel sick. The adder bites you but does no damage.
The endoplasm freezes you.
You are frozen.
* * * LOW HITPOINT WARNING * * *
Unknown command.
Unknown command.
You die...

,,,,,,,,,*,* #...#..########.##
*,,,,,,,,*,* #.#.S.#######....g
*,***,,,,,,* #....########.##.#
*,****,*,*,****#.###########.##.#
*,,,,,***,,,,,*#.# #######.##.#
,,,,**,*,*,**,*#o###########.#...
,,,,***<**,**,*#JS.......,**,,...
,,,,***,**,**,*#..#######,**,,...
,,,,,,,,,,,**,*#@##** *,,,,....
,,,,,,,,****#.......# ****,,,,,
,,,,***,* #..#..#.# *,,,,, ,,,,*
*,* #.....#,# ***,*,,, *,*** *,*
*#.,.∩..,* *,,,,,,,
*,*****,****........* *,*,*,,,
*,,,,,,,,,,..,.#..#.* *,*,****
,,,,,,*,**###.......# *,*,*
*,***,*,**********,** *,*,*


You could see an adder, an orc and an endoplasm.

Vanquished Creatures
  A hobgoblin (D:4)
1 creature vanquished.

Notes
Turn   | Place    | Note
-------+----------+-------------------------------------------
     0 | D:5      | drugrobin the Demigod Delver began the quest for the Orb.
     0 | D:5      | Reached XP level 1. HP: 18/18 MP: 3/3
    99 | D:4      | Noticed a jelly
   101 | D:4      | Noticed Blork the orc
   120 | D:4      | Found a sand-covered staircase.
   131 | D:4      | Succumbed to an adder's poison

Illustrated notes

Levels and vault maps discovered:
D:4:      layout_loops_ring, nemelex_diamond_rough_becter,
          mainiacjoe_overflow_catwalk, nicolae_ossuary_entry_ruins,
          uniq_blork_the_orc, uniq_menkaure
D:5:      layout_layer_cave, nicolae_gozag_seed_capital, minmay_crystal_water

Action                     || total
---------------------------++-------
  Melee: Hand axe          ||     9
  Evoke: Wand              ||     1
    Use: Scroll            ||     1
         Potion            ||     1
 Armour: Leather armour    ||     5
  Dodge: Dodged            ||     7

Table legend: (Time is in decaauts)
 A = Elapsed time spent in this place.
 B = Non-inter-level travel time spent in this place.
 C = Inter-level travel time spent in this place.
 D = Time resting spent in this place.
 E = Time spent auto-exploring this place.
 F = Levels seen in this place.
 G = Mean time per level.
                   A        B        C        D        E       F      G
               +--------+--------+--------+--------+--------+-----+--------+
         Total |    125 |    125 |      0 |      0 |     45 |   2 |   62.5 |
       Dungeon |    125 |    125 |      0 |      0 |     45 |   2 |   62.5 |
               +--------+--------+--------+--------+--------+-----+--------+

Top non-repeatable levels by time:
     D:5: 96 daAuts
     D:4: 28 daAuts
